 Dungeon Crawl Stone Soup version 0.15.2 (webtiles) character file.

478 HiobMontag the Soul Tainter (level 6, 0/52 HPs)
             Began as a Minotaur Death Knight on Dec 22, 2014.
             Was a Priest of Yredelemnul.
             Succumbed to Furman's ghost's poison
             ... on Level 5 of the Dungeon.
             The game lasted 00:26:40 (5037 turns).

HiobMontag the Soul Tainter (Minotaur Death Knight) Turns: 5037, Time: 00:26:40

HP   0/52        AC 11     Str 18      XL: 6   Next: 85%
MP   8/8         EV 15     Int  9      God: Yredelemnul [***...]
Gold 272         SH  0     Dex 13 (15) Spells:  0 memorised,  5 levels left

rFire  . . .     SeeInvis .     a - +2 falchion
rCold  . . .     Clarity  .     n - +1 scale mail
rNeg   + . .     rCorr    .     (no shield)
rPois  .         rRot     .     (helmet restricted)
rElec  .         Spirit   .     (no cloak)
SustAb .         Warding  +     m - +0 pair of gloves
rMut   .         Stasis   .     v - +1 pair of boots
Gourm  .                        g - amulet of warding
MR     .....                    (no ring)
                                p - ring of stealth

@: agile, lethally poisoned, not resistant to hostile enchantments, unstealthy
A: retaliatory headbutt, horns 2, repulsion field 1, evolution 1, forlorn
a: Animate Dead, Recall Undead Slaves, Injury Mirror, Renounce Religion


You were on level 5 of the Dungeon.
You worshipped Yredelemnul.
Yredelemnul was most pleased with you.
You were not hungry.

You visited 1 branch of the dungeon, and saw 5 of its levels.

You collected 272 gold pieces.

Inventory:

Hand weapons
 a - a +2 falchion (weapon)
 t - a +0 long sword
 x - a +2 spear of venom
Missiles
 f - 38 stones (quivered)
 h - 2 javelins
Armour
 b - a +0 leather armour
 m - a +0 pair of gloves (worn)
 n - a +1 scale mail (worn)
 o - a +2 cloak of darkness
 s - a +1 hat
 u - a +3 leather armour of cold resistance
 v - a +1 pair of boots (worn)
Magical devices
 w - a wand of enslavement (18)
Comestibles
 c - 5 bread rations
 i - a slice of pizza
 k - 4 fruits
Scrolls
 j - 2 scrolls of amnesia
 q - a scroll of remove curse
Jewellery
 g - an amulet of warding (around neck)
 p - a ring of stealth (left hand)
Potions
 e - a potion of agility
 l - a potion of restore abilities
Books
 y - a book of the Warp

   Spells                             Type                      Level
   Control Teleport                   Charms/Translocation         4
   Phase Shift                        Translocation                5
   Warp Weapon                        Charms/Translocation         5
   Dispersal                          Translocation                6
   Controlled Blink                   Translocation                7
   Disjunction                        Translocation                8
 B - a book of Geomancy

   Spells                             Type                      Level
   Sandblast                          Earth                        1
   Stoneskin                          Transmutation/Earth          2
   Passwall                           Transmutation/Earth          3
   Stone Arrow                        Conjuration/Earth            3
   Petrify                            Transmutation/Earth          4
   Lee's Rapid Deconstruction         Earth                        5


   Skills:
 + Level 4.2 Fighting
 + Level 3.7 Long Blades
 + Level 4.4 Armour
 + Level 2.5 Dodging
 + Level 0.1 Stealth
 + Level 5.0 Invocations


You had 5 spell levels left.
You didn't know any spells.

Dungeon Overview and Level Annotations

Branches:
Dungeon (5/15)
 Temple: D:4-7

Altars:
Xom

Annotations:
D:5 Furman's ghost, experienced OpCj


Innate Abilities, Weirdness & Mutations

You reflexively headbutt those who attack you in melee.
You have a pair of horns on your head.
You are surrounded by a mild repulsion field (EV +2).
You evolve.
You have difficulty communicating with the divine.


Message History

w - a wand of enslavement {zapped: 1} You feel sick.
Furman's ghost hits you but does no damage.
You feel sick.
You feel sick.
You feel sick. Furman's ghost casts a spell at you. The orb of energy hits you!
* * * LOW HITPOINT WARNING * * *
The orb of energy explodes!
* * * LOW HITPOINT WARNING * * *
You feel sick.
* * * LOW HITPOINT WARNING * * *
You feel sick.
* * * LOW HITPOINT WARNING * * *
You feel sick.
Furman's ghost points at you and mumbles some strange words.
The magic dart hits you!
You die...
Your body rises from the dead as a mindless zombie.

#.......# # #.#...##
#..#.###########.####.#....#
########..................#..#.#
#.......######### #.##.........
#.#####.# #..'.........
#(#.###############.........
#.#.##..................###.
..#Z##.###########......# #.
#.#.##..W..@.....#......# ##
#.#.....########.#.#'#######
#.#####.# #.(..<#.#........
#.......# #.#..).).....####
######### #................
#.........##.####
#####.........##'##
....................
......#####......(.


You could see Furman's ghost.

Vanquished Creatures
  2 ogres
  A jelly (D:5)
  2 worker ants
  A giant mite (D:1)
  A shadow imp (D:3)
  10 adders
  2 worms (D:4)
  5 giant geckos
  An ooze (D:1)
  3 orcs (D:4)
  A bat skeleton (D:4)
  5 giant cockroaches
  5 goblins
  11 hobgoblins
  10 jackals
  5 quokkas
  3 ball pythons
  6 bats
  3 giant newts
  A giant newt zombie (D:3)
  A gnoll skeleton (D:4)
  5 kobolds
  A kobold skeleton (D:5)
  An orc zombie (D:5)
  7 rats
  2 fungi (D:1)
95 creatures vanquished.

Vanquished Creatures (collateral kills)
  An iguana (D:4)
  A giant frog skeleton (D:4)
  A worker ant (D:4)
  A worm (D:2)
  An adder skeleton (D:4)
  An orc (D:4)
  2 giant cockroaches (D:1)
  3 goblins
  A hobgoblin (D:1)
  A giant gecko (D:4)
  2 giant newts
  2 kobolds
  A kobold skeleton (D:4)
  An orc zombie (D:4)
  3 rats
22 creatures vanquished.

Vanquished Creatures (others)
  An ogre zombie (D:4)
  A worker ant zombie (D:4)
  2 adder zombies (D:3)
  2 bat zombies
  A giant gecko zombie (D:3)
  3 hobgoblin zombies
  A jackal zombie (D:5)
  A kobold zombie (D:5)
  3 quokka zombies
  A rat zombie (D:3)
16 creatures vanquished.

Grand Total: 133 creatures vanquished

Notes
Turn   | Place    | Note
--------------------------------------------------------------
     0 | D:1      | HiobMontag, the Minotaur Death Knight, began the quest for the Orb.
     0 | D:1      | Reached XP level 1. HP: 18/18 MP: 1/1
    61 | D:1      | Reached skill level 3 in Invocations
   123 | D:1      | Reached XP level 2. HP: 25/25 MP: 1/3
   925 | D:1      | Reached XP level 3. HP: 19/30 MP: 4/4
  1286 | D:1      | Acquired Yredelemnul's second power
  1521 | D:2      | Reached skill level 4 in Invocations
  1659 | D:2      | Reached XP level 4. HP: 13/37 MP: 5/5
  2533 | D:3      | Found a shimmering altar of Xom.
  2816 | D:4      | Noticed an ogre
  2851 | D:3      | Killed an ogre
  2851 | D:3      | Reached XP level 5. HP: 21/46 MP: 6/6
  3287 | D:4      | Noticed an ogre
  3298 | D:4      | Killed an ogre
  3298 | D:4      | Reached XP level 6. HP: 32/52 MP: 8/8
  3596 | D:4      | Acquired Yredelemnul's third power
  4234 | D:5      | Entered Level 5 of the Dungeon
  4252 | D:5      | Noticed Furman's ghost (experienced OpCj)
  4523 | D:5      | Reached skill level 5 in Invocations
  5024 | D:5      | Gained mutation: You evolve. [potion of mutation]
  5024 | D:5      | Gained mutation: You have difficulty communicating with the divine. [potion of mutation]
  5024 | D:5      | Gained mutation: You are surrounded by a mild repulsion field (EV +2). [potion of mutation]
  5034 | D:5      | HP: 2/52 [poisoned by Furman's ghost]
  5037 | D:5      | Succumbed to Furman's ghost's poison

Action                   |  1- 3 |  4- 6 || total
-------------------------+-------+-------++-------
Melee: Falchion          |   100 |   212 ||   312
Throw: Javelin           |       |     2 ||     2
       Stone             |       |     1 ||     1
Invok: Animate Remains   |    18 |    12 ||    30
       Animate Dead      |       |     7 ||     7
Evoke: Wand              |       |     1 ||     1
  Use: Scroll            |     3 |    11 ||    14
       Potion            |     1 |     8 ||     9
 Stab: Distracted        |       |     1 ||     1
  Eat: Chunk             |     3 |    10 ||    13
       Meat ration       |       |     1 ||     1
